 Dungeon Crawl Stone Soup version 0.21-a0-274-gc1afaeb (webtiles) character file.

422 Monsterracer the Shooter (level 6, -2/48 HPs)
             Began as a Barachi Hunter on Sept 18, 2017.
             Slain by Edmund
             ... wielding a +2 flail of protection
              (4 damage)
             ... on level 3 of the Dungeon.
             The game lasted 00:07:34 (4036 turns).

Monsterracer the Shooter (Barachi Hunter)           Turns: 4036, Time: 00:07:34

Health: -2/48      AC:  7    Str: 16    XL:     6   Next: 95%
Magic:  6/6        EV: 11    Int: 11    God:
Gold:   104        SH:  0    Dex: 12    Spells: 3/5 levels left

rFire    . . .     SeeInvis .   a - +1 shortbow
rCold    . . .     Gourm    .   (shield currently unavailable)
rNeg     . . .     Faith    .   o - +0 scale mail
rPois    .         Spirit   .   (no helmet)
rElec    .         Reflect  .   (no cloak)
rCorr    .         Harm     .   i - +0 pair of gloves
MR       .....                  (no boots)
Stlth    ..........             (no amulet)
HPRegen  0.16/turn              (no ring)
MPRegen  0.10/turn              (no ring)

@: slow
A: +LOS, swims, slowness 1, strong legs 1
a: Hop


You were on level 3 of the Dungeon.
You were not hungry.

You visited 1 branch of the dungeon, and saw 4 of its levels.
You also visited: Sewer and Ossuary.

You collected 104 gold pieces.

Inventory:

Hand Weapons
 a - a +1 shortbow (weapon)
 b - a +3 falchion
Missiles
 d - 53 arrows (quivered)
Armour
 i - a +0 pair of gloves (worn)
 k - a +0 chain mail
 o - a +0 scale mail (worn)
Scrolls
 c - a scroll of remove curse
 g - 3 scrolls of identify
 m - 2 scrolls of fog
 p - a scroll of recharging
Potions
 e - a potion of berserk rage {unknown}
 h - 2 potions of curing
 j - a potion of magic {unknown}
 n - a potion of mutation {unknown}
Books
 t - a book of Transfigurations

   Spells                             Type                      Level
   a - Irradiate                      Conjuration/Transmutation    5
   b - Statue Form                    Transmutation/Earth          6
   c - Hydra Form                     Transmutation                6
   d - Dragon Form                    Transmutation                7
Comestibles
 f - 5 bread rations
 l - 2 chunks of flesh
 q - a meat ration


   Skills:
 + Level 4.2 Fighting
 * Level 3.9 Long Blades
 * Level 5.5 Bows
 + Level 1.7 Armour
 + Level 3.9 Dodging
 - Level 0.8 Stealth


You had 3 spell levels left.
You knew the following spells:

 Your Spells              Type           Power        Failure   Level  Hunger
a - Blink                 Tloc           N/A          89%         2    ###....


Dungeon Overview and Level Annotations

Branches:
Dungeon (4/15)
 Temple: D:4-7

Altars:
Cheibriados

Annotations:
D:3 Edmund


Innate Abilities, Weirdness & Mutations

Shadows flee at your approach. (+LOS)
You can swim through water.
You cover ground slowly.
You can hop short distances.


Message History

Edmund hits you with a flail of protection!
* * * LOW HITPOINT WARNING * * *
Huge Dmg: -15%(-7hp) hp: 19%(9hp)
There is an escape hatch in the ceiling here.
Really go through this one-way escape hatch?
Edmund hits you with a flail of protection.
* * * LOW HITPOINT WARNING * * *
A mysterious force pulls you upwards. The hatch slams shut behind you.
Unknown command.
Unknown command.
Unknown command.
Unknown command.
Edmund hits you with a flail of protection!
* * * LOW HITPOINT WARNING * * *
Huge Dmg: -16%(-8hp) hp: 3%(1hp) Unknown command.
There is an open door here.
There is a stone staircase leading down here.
Edmund hits you with a flail of protection.
You die...

.#### #.##.#..# #.# .# #.##.#..#
#.# .# #.......# ##'## .#
#.##.##.# ##...## .#####
#.......# ##.....## ..##.##
####.#.## ##.......##
......#######....####.........###
.................@.>'.........'..
...#.########...@####.........###
...#.# ###.## ##.......## ...#.#
#.# ##.....## .....# #.# ##...##
...### #.# ##'## ...# #.# #.#
.### #.# #.# .# #.# ##.## .# #.#
##...##


You could see Edmund.

Vanquished Creatures
  A bullfrog (Sewer)
  2 hounds (D:4)
  Jessica (D:2)
  3 worker ants (D:4)
  3 mummies (Ossuary)
  A killer bee zombie (Ossuary)
  3 adders
  A river rat (D:3)
  An adder zombie (Ossuary)
  2 worms
  3 dart slugs
  5 leopard geckos
  10 giant cockroaches
  6 goblins
  5 hobgoblins
  3 jackals (D:2)
  2 quokkas
  2 ball pythons (Sewer)
  7 frilled lizards
  4 kobolds
  9 rats
74 creatures vanquished.

Vanquished Creatures (others)
  A withered plant (Ossuary)
1 creature vanquished.

Grand Total: 75 creatures vanquished

Notes
Turn   | Place    | Note
-------+----------+-------------------------------------------
     0 | D:1      | Monsterracer the Barachi Hunter began the quest for the Orb.
     0 | D:1      | Reached XP level 1. HP: 17/17 MP: 1/1
   352 | D:1      | Found a snail-covered altar of Cheibriados.
   431 | D:1      | Reached XP level 2. HP: 21/23 MP: 2/2
   961 | D:2      | Reached XP level 3. HP: 22/29 MP: 3/3
  1397 | D:2      | Noticed Jessica
  1402 | D:2      | Killed Jessica
  1402 | D:2      | Reached XP level 4. HP: 35/35 MP: 4/4
  2357 | D:3      | Learned a level 2 spell: Blink
  2629 | D:3      | Found a glowing drain.
  2651 | D:3      | HP: 12/37 [worm (7)]
  2676 | Sewer    | Entered a sewer
  2855 | Sewer    | Reached XP level 5. HP: 42/42 MP: 5/5
  2898 | Sewer    | Reached skill level 5 in Bows
  2898 | Sewer    | Reached skill level 1 in Armour
  3390 | D:4      | Reached XP level 6. HP: 48/48 MP: 6/6
  3425 | D:4      | Reached skill level 1 in Long Blades
  3493 | D:4      | Found a sand-covered staircase.
  3596 | Ossuary  | Entered an ossuary
  3621 | Ossuary  | Noticed nikopol's ghost (amateur DEFE)
  3636 | Ossuary  | HP: 23/48 [quokka zombie (3)]
  3995 | D:4      | Noticed Edmund
  4015 | D:4      | HP: 24/48 [Edmund/flail of protection (5)]
  4022 | D:4      | HP: 9/48 [Edmund/flail of protection (8)]
  4027 | D:4      | HP: 9/48 [Edmund/flail of protection (1)]
  4031 | D:3      | HP: 1/48 [Edmund/flail of protection (8)]
  4036 | D:3      | Slain by Edmund

Vault maps used:
D:1:      co_arrival_random_square_maze, cheibriados_altar_1
D:2:      uniq_jessica
D:3:      portal_sewer_entry_a
D:4:      nicolae_ossuary_entry_false_entrances, patterned_corridor, uniq_edmund
Sewer:    sewer_frog_island_01
Ossuary:  ossuary_zaba_flooded

Skill      XL: |  1  2  3  4  5  6 |
---------------+-------------------+-----
Fighting       | 3 4 |  4.2
Dodging        | 3 |  3.9
Bows           | 5 |  5.5
Armour         | 1 |  1.7
Long Blades    | 3 |  3.9
Stealth        | |  0.8

Action                   |  1- 3 |  4- 6 || total
-------------------------+-------+-------++-------
Melee: Short sword       |    38 |       ||    38
       Dagger            |    38 |   128 ||   166
       Falchion          |       |    53 ||    53
 Fire: Shortbow          |    15 |    23 ||    38
  Use: Scroll            |       |     6 ||     6
  Eat: Chunk             |     2 |     9 ||    11
Armor: Ring mail         |    22 |    43 ||    65
       Chain mail        |       |    10 ||    10
       Scale mail        |       |     3 ||     3
Dodge: Dodged            |    50 |   119 ||   169
       Rpst.: Falchion   |       |    18 ||    18

Table legend:
 A = Spawn XP
 B = Non-spawn XP
 C = Spawn XP percentage of total XP
 D = Spawn monster count
 E = Non-spawn monster count
 F = Spawn count percentage of total count
 G = Total turns spent on level
                    A         B        C        D         E        F      G
               +---------+---------+-------+---------+---------+-------+---------
         Total |       0 |     604 |   0.0 |       0 |      74 |   0.0 |  4036
               +---------+---------+-------+---------+---------+-------+---------
           D:1 |       0 |      21 |   0.0 |       0 |      13 |   0.0 |   939
           D:2 |       0 |      95 |   0.0 |       0 |      19 |   0.0 |  1127
           D:3 |       0 |      39 |   0.0 |       0 |      12 |   0.0 |   939
           D:4 |       0 |     195 |   0.0 |       0 |       7 |   0.0 |   552
         Sewer |       0 |     128 |   0.0 |       0 |      18 |   0.0 |   434
       Ossuary |       0 |     126 |   0.0 |       0 |       5 |   0.0 |    45
               +---------+---------+-------+---------+---------+-------+---------
